TOP OF THE 1ST |
Chicago (NYP) White Sox batting - Pitching for Everett AquaSox : RHP Rickey DuMire
|
Pitching: RHP Rickey DuMire
|
|
Batting: SHB Tomas Caldera
|
0-0: Hit by Pitch
|
Batting: RHB Ethan McCullough
|
0-0: Ball 1-0: Foul Ball, location: 2F 1-1: Swinging Strike 1-2: Ball 2-2: Foul Ball, location: 2F 2-2: Ball 3-2: Base on Balls Tomas Caldera to second
|
Batting: RHB Tony Garcia
|
0-0: Swinging Strike 0-1: Foul Ball, location: 2F 0-2: Ball 1-2: Foul Ball, location: 2F 1-2: Strikes out swinging
|
Batting: LHB Adam Tarbutton
|
0-0: Called Strike 0-1: Ball 1-1: Ball 2-1: Ball 3-1: Base on Balls Tomas Caldera to third Ethan McCullough to second
|
Batting: RHB Sean Peake
|
0-0: Called Strike 0-1: Foul Ball, location: 2F 0-2: Ball 1-2: Strikes out swinging
|
Batting: RHB Kyle Morse
|
0-0: SINGLE (Flyball, 56D, EV 95.6 MPH) Tomas Caldera scores Ethan McCullough to third Adam Tarbutton to second Runner from 3rd tries for Home, SAFE, throw by LF to home
|
Batting: SHB Olaf Zoeteman
|
0-0: Ball 1-0: Swinging Strike 1-1: Ball 2-1: Ball 3-1: Foul Ball, location: 2F 3-2: Ground out 4-3 (Groundball, 4, EV 91.2 MPH)
|
Top of the 1st over - 2 runs, 1 hit, 0 errors, 2 left on base; Chicago (NYP) 2 - Everett 0 |
BOTTOM OF THE 1ST |
Everett AquaSox batting - Pitching for Chicago (NYP) White Sox : RHP Mike Ferry
|
Pitching: RHP Mike Ferry
|
|
Batting: RHB Tomokazu Sugimoto
|
0-0: Fly out, F6 (Line Drive, 6D, EV 63.1 MPH)
|
Batting: LHB Addisu Nyamekye
|
0-0: Ball 1-0: SINGLE (Groundball, P, EV 85.6 MPH) (infield hit)
|
Batting: RHB Chris Skaff
|
0-0: Ball Addisu Nyamekye steals 2nd base 1-0: Ball 2-0: Called Strike 2-1: Foul Ball, location: 2F 2-2: Ball 3-2: Fly out, F9 (Flyball, 9, EV 90.0 MPH)
|
Batting: LHB Chris Jackson
|
0-0: Called Strike 0-1: Ball 1-1: Foul Ball, location: 2F 1-2: Ball 2-2: Ball Passed Ball! Addisu Nyamekye to third 3-2: Base on Balls
|
Batting: RHB Kinzo Yokoyama
|
0-0: SINGLE (Groundball, 6MD, EV 93.8 MPH) Addisu Nyamekye scores Chris Jackson to second
|
Batting: RHB Robby Adair
|
0-0: Ball 1-0: Ball 2-0: Called Strike 2-1: Fly out, F8 (Flyball, 8LD, EV 97.5 MPH)
|
Bottom of the 1st over - 1 run, 2 hits, 0 errors, 2 left on base; Chicago (NYP) 2 - Everett 1 |
TOP OF THE 2ND |
Chicago (NYP) White Sox batting - Pitching for Everett AquaSox : RHP Rickey DuMire
|
Batting: RHB Kunimatsu Oya
|
0-0: Foul Ball, location: 2F 0-1: SINGLE (Line Drive, 4M, EV 100.0 MPH)
|
Batting: RHB Eduardo Calderon
|
0-0: Ball 1-0: TRIPLE (Flyball, 8LXD, EV 88.1 MPH) Kunimatsu Oya scores
|
Batting: SHB Tomas Caldera
|
0-0: Ball 1-0: Ball 2-0: Ball 3-0: Called Strike 3-1: Foul Ball, location: 2F 3-2: Foul Ball, location: 2F 3-2: Foul Ball, location: 2F 3-2: Foul Ball, location: 2F 3-2: Foul Ball, location: 2F 3-2: Ground out 6-3 (Groundball, 6S, EV 80.6 MPH) Eduardo Calderon scores
|
Batting: RHB Ethan McCullough
|
0-0: Ball 1-0: SINGLE (Groundball, 4MD, EV 109.4 MPH)
|
Batting: RHB Tony Garcia
|
0-0: Ball 1-0: Grounds into double play, 6-4-3 (Groundball, 6M, EV 86.9 MPH)
|
Top of the 2nd over - 2 runs, 3 hits, 0 errors, 0 left on base; Chicago (NYP) 4 - Everett 1 |
BOTTOM OF THE 2ND |
Everett AquaSox batting - Pitching for Chicago (NYP) White Sox : RHP Mike Ferry
|
Batting: LHB Ryan Daniels
|
0-0: Ball 1-0: Foul Ball, location: 2F 1-1: Foul Ball, location: 2F 1-2: Ball 2-2: Strikes out swinging
|
Batting: RHB Richie Schraven
|
0-0: Foul Ball, location: 2F 0-1: Ground out 6-3 (Groundball, 6, EV 108.1 MPH)
|
Batting: RHB Josh Carpenter
|
0-0: Called Strike 0-1: Ball 1-1: Ball 2-1: Fly out, F9 (Flyball, 9LM, EV 95.0 MPH)
|
Bottom of the 2nd over - 0 runs, 0 hits, 0 errors, 0 left on base; Chicago (NYP) 4 - Everett 1 |
TOP OF THE 3RD |
Chicago (NYP) White Sox batting - Pitching for Everett AquaSox : RHP Rickey DuMire
|
Batting: LHB Adam Tarbutton
|
0-0: Ball 1-0: Called Strike 1-1: Foul Ball, location: 2F 1-2: Foul Ball, location: 2F 1-2: Ball 2-2: Ball 3-2: Foul Ball, location: 2F 3-2: Base on Balls
|
Batting: RHB Sean Peake
|
0-0: Ball 1-0: Foul Ball, location: 2F 1-1: Ball Wild Pitch! Adam Tarbutton to second 2-1: Ball 3-1: Ground out 6-3 (Groundball, 56, EV 87.5 MPH)
|
Batting: RHB Kyle Morse
|
0-0: Ball Adam Tarbutton steals 3rd, throwing error, E2 Adam Tarbutton scores 1-0: Swinging Strike 1-1: Called Strike 1-2: SINGLE (Groundball, 56, EV 98.8 MPH)
|
Batting: SHB Olaf Zoeteman
|
0-0: Ball 1-0: Foul Ball, location: 2F 1-1: Foul Ball, location: 2F 1-2: 2-RUN HOME RUN (Flyball, 89XD, EV 104.4 MPH), Distance : 387 ft
|
Pitching: RHP In Bea
|
|
Batting: RHB Kunimatsu Oya
|
0-0: Called Strike 0-1: SINGLE (Groundball, P, EV 86.9 MPH) (infield hit)
|
Batting: RHB Eduardo Calderon
|
0-0: Ball 1-0: Ball 2-0: Called Strike 2-1: Foul Ball, location: 2F 2-2: Ground out 5-3 (Groundball, 56S, EV 76.2 MPH) Kunimatsu Oya to second
|
Batting: SHB Tomas Caldera
|
0-0: Ball 1-0: Foul Ball, location: 2F 1-1: Foul Ball, location: 2F 1-2: Fly out, F7 (Line Drive, 78M, EV 95.6 MPH)
|
Top of the 3rd over - 3 runs, 3 hits, 1 error, 1 left on base; Chicago (NYP) 7 - Everett 1 |
BOTTOM OF THE 3RD |
Everett AquaSox batting - Pitching for Chicago (NYP) White Sox : RHP Mike Ferry
|
Batting: RHB Tomokazu Sugimoto
|
0-0: Ball 1-0: Called Strike 1-1: Foul Ball, location: 2F 1-2: Ball 2-2: DOUBLE (Groundball, 5L, EV 95.6 MPH)
|
Batting: LHB Addisu Nyamekye
|
0-0: Called Strike 0-1: Ball 1-1: Ball 2-1: 2-RUN HOME RUN (Flyball, 89XD, EV 98.8 MPH), Distance : 385 ft
|
Batting: RHB Chris Skaff
|
0-0: Ball 1-0: Called Strike 1-1: Ball 2-1: Ball 3-1: Called Strike 3-2: Base on Balls
|
Batting: LHB Chris Jackson
|
0-0: Called Strike 0-1: Ball 1-1: Foul Ball, location: 2F 1-2: Ball 2-2: Ball Wild Pitch! Chris Skaff to second 3-2: Foul Ball, location: 2F 3-2: Foul Ball, location: 2F 3-2: Ground out 6-3 (Groundball, 6, EV 86.9 MPH)
|
Batting: RHB Kinzo Yokoyama
|
0-0: Called Strike 0-1: Ground out U3 (Groundball, 3, EV 91.9 MPH) Chris Skaff to third
|
Batting: RHB Robby Adair
|
0-0: Called Strike 0-1: Ground out 3-1 (Groundball, 34S, EV 85.0 MPH)
|
Bottom of the 3rd over - 2 runs, 2 hits, 0 errors, 1 left on base; Chicago (NYP) 7 - Everett 3 |
TOP OF THE 4TH |
Chicago (NYP) White Sox batting - Pitching for Everett AquaSox : RHP In Bea
|
Batting: RHB Ethan McCullough
|
0-0: Ball 1-0: Ball 2-0: Called Strike 2-1: Foul Ball, location: 2F 2-2: Strikes out swinging
|
Batting: RHB Tony Garcia
|
0-0: Called Strike 0-1: Ball 1-1: Ball 2-1: Ball 3-1: Base on Balls
|
Batting: LHB Adam Tarbutton
|
0-0: Ball 1-0: Ball 2-0: Grounds into double play, 5-4-3 (Groundball, 56, EV 80.6 MPH)
|
Top of the 4th over - 0 runs, 0 hits, 0 errors, 0 left on base; Chicago (NYP) 7 - Everett 3 |
BOTTOM OF THE 4TH |
Everett AquaSox batting - Pitching for Chicago (NYP) White Sox : RHP Mike Ferry
|
Batting: LHB Ryan Daniels
|
0-0: Ball 1-0: Ball 2-0: Called Strike 2-1: Foul Ball, location: 2F 2-2: Ball 3-2: Ground out 4-3 (Groundball, 4, EV 90.0 MPH)
|
Batting: RHB Richie Schraven
|
0-0: Called Strike 0-1: Foul Ball, location: 2F 0-2: Ball 1-2: Strikes out swinging
|
Batting: RHB Josh Carpenter
|
0-0: Foul Ball, location: 2F 0-1: Ground out 6-3 (Groundball, 6, EV 84.4 MPH)
|
Bottom of the 4th over - 0 runs, 0 hits, 0 errors, 0 left on base; Chicago (NYP) 7 - Everett 3 |
TOP OF THE 5TH |
Chicago (NYP) White Sox batting - Pitching for Everett AquaSox : RHP In Bea
|
Batting: RHB Sean Peake
|
0-0: SINGLE (Groundball, 34, EV 98.1 MPH)
|
Batting: RHB Kyle Morse
|
0-0: Ball 1-0: Foul Ball, location: 2F 1-1: Ball 2-1: Called Strike 2-2: Strikes out swinging
|
Batting: SHB Olaf Zoeteman
|
0-0: Called Strike Sean Peake steals 2nd base 0-1: Foul Ball, location: 2F 0-2: Ball 1-2: Foul Ball, location: 2F 1-2: Ball 2-2: Ball 3-2: Strikes out swinging
|
Pitching: RHP Matt Lane
|
|
Batting: RHB Kunimatsu Oya
|
0-0: Ball 1-0: Called Strike 1-1: Ball 2-1: Ball 3-1: Called Strike 3-2: Base on Balls
|
Batting: RHB Eduardo Calderon
|
0-0: Ground out 4-3 (Groundball, 4, EV 78.1 MPH)
|
Top of the 5th over - 0 runs, 1 hit, 0 errors, 2 left on base; Chicago (NYP) 7 - Everett 3 |
BOTTOM OF THE 5TH |
Everett AquaSox batting - Pitching for Chicago (NYP) White Sox : RHP Mike Ferry
|
Batting: RHB Tomokazu Sugimoto
|
0-0: Ball 1-0: Ball 2-0: Ball 3-0: Called Strike 3-1: Ground out 4-3 (Groundball, 4D, EV 86.2 MPH)
|
Batting: LHB Addisu Nyamekye
|
0-0: Ball 1-0: Ball 2-0: Ground out 6-3 (Groundball, 6M, EV 84.4 MPH)
|
Batting: RHB Chris Skaff
|
0-0: Ball 1-0: SINGLE (Groundball, 56D, EV 96.2 MPH)
|
Batting: LHB Chris Jackson
|
0-0: Called Strike 0-1: Ground out 4-3 (Groundball, 4, EV 81.9 MPH)
|
Bottom of the 5th over - 0 runs, 1 hit, 0 errors, 1 left on base; Chicago (NYP) 7 - Everett 3 |
TOP OF THE 6TH |
Chicago (NYP) White Sox batting - Pitching for Everett AquaSox : RHP Matt Lane
|
Batting: SHB Tomas Caldera
|
0-0: Ball 1-0: Swinging Strike 1-1: Fly out, F9 (Line Drive, 89D, EV 93.1 MPH)
|
Batting: RHB Ethan McCullough
|
0-0: Ground out U3 (Groundball, 3, EV 95.0 MPH)
|
Batting: RHB Tony Garcia
|
0-0: Ground out 6-3 (Groundball, 6, EV 76.2 MPH)
|
Top of the 6th over - 0 runs, 0 hits, 0 errors, 0 left on base; Chicago (NYP) 7 - Everett 3 |
BOTTOM OF THE 6TH |
Everett AquaSox batting - Pitching for Chicago (NYP) White Sox : RHP Mike Ferry
|
Batting: RHB Kinzo Yokoyama
|
0-0: DOUBLE (Line Drive, 9LD, EV 107.5 MPH)
|
Batting: RHB Robby Adair
|
0-0: Ball 1-0: Foul Ball, location: 2F 1-1: Fly out, F4 (Popup, 4S, EV 62.5 MPH)
|
Batting: LHB Ryan Daniels
|
0-0: Ball 1-0: Swinging Strike 1-1: Foul Ball, location: 2F 1-2: Strikes out looking
|
Batting: RHB Richie Schraven
|
0-0: Ground out 6-3 (Groundball, 6, EV 86.2 MPH)
|
Bottom of the 6th over - 0 runs, 1 hit, 0 errors, 1 left on base; Chicago (NYP) 7 - Everett 3 |
TOP OF THE 7TH |
Chicago (NYP) White Sox batting - Pitching for Everett AquaSox : RHP Matt Lane
|
Batting: LHB Adam Tarbutton
|
0-0: Ball 1-0: Ball 2-0: Ball 3-0: Base on Balls
|
Pitching: LHP Ed Gilroy
|
|
Batting: RHB Sean Peake
|
0-0: Called Strike Adam Tarbutton is caught stealing 2nd base 2-4 0-1: Ball 1-1: Swinging Strike 1-2: Ground out U3 (Groundball, 34S, EV 90.0 MPH)
|
Batting: RHB Kyle Morse
|
0-0: Called Strike 0-1: Ball 1-1: Foul Ball, location: 2F 1-2: Strikes out swinging
|
Top of the 7th over - 0 runs, 0 hits, 0 errors, 0 left on base; Chicago (NYP) 7 - Everett 3 |
BOTTOM OF THE 7TH |
Everett AquaSox batting - Pitching for Chicago (NYP) White Sox : RHP Mike Ferry
|
Batting: RHB Josh Carpenter
|
0-0: Ball 1-0: Called Strike 1-1: Ball 2-1: DOUBLE (Groundball, 5L, EV 103.8 MPH)
|
Batting: RHB Tomokazu Sugimoto
|
0-0: Called Strike 0-1: Ball 1-1: Ground out 5-3 (Groundball, 56, EV 88.1 MPH)
|
Batting: LHB Addisu Nyamekye
|
0-0: Called Strike 0-1: Ball 1-1: Called Strike 1-2: DOUBLE (Line Drive, 89M, EV 102.5 MPH) Josh Carpenter scores
|
Batting: RHB Chris Skaff
|
0-0: Called Strike 0-1: Ball 1-1: Fly out, F8 (Flyball, 8RD, EV 98.8 MPH)
|
Pitching: LHP Ian Bell
|
|
Batting: LHB Chris Jackson
|
0-0: Foul Ball, location: 2F 0-1: Ball 1-1: Swinging Strike 1-2: Fly out, F7 (Line Drive, 7S, EV 91.9 MPH)
|
Bottom of the 7th over - 1 run, 2 hits, 0 errors, 1 left on base; Chicago (NYP) 7 - Everett 4 |
TOP OF THE 8TH |
Chicago (NYP) White Sox batting - Pitching for Everett AquaSox : LHP Ed Gilroy
|
Batting: SHB Olaf Zoeteman
|
0-0: Called Strike 0-1: Foul Ball, location: 2F 0-2: Ball 1-2: Ground out 5-3 (Groundball, 56S, EV 92.5 MPH)
|
Batting: RHB Kunimatsu Oya
|
0-0: Called Strike 0-1: Ball 1-1: Ball 2-1: Swinging Strike 2-2: Strikes out swinging
|
Batting: RHB Eduardo Calderon
|
0-0: Called Strike 0-1: Ball 1-1: Ball 2-1: Swinging Strike 2-2: Reached on error, E4 (Groundball, 4, EV 80.6 MPH)
|
Batting: SHB Tomas Caldera
|
0-0: Called Strike 0-1: Ball 1-1: Ball 2-1: SINGLE (Groundball, 4MS, EV 64.4 MPH) (infield hit) Eduardo Calderon to second
|
Batting: RHB Ethan McCullough
|
0-0: SINGLE (Line Drive, 7LS, EV 100.6 MPH) Eduardo Calderon to third Tomas Caldera to second Runner from 3rd tries for Home, SAFE, throw by LF to home
|
Batting: RHB Tony Garcia
|
0-0: Ball 1-0: Ball 2-0: Ball 3-0: Called Strike 3-1: Foul Ball, location: 2F 3-2: SINGLE (Line Drive, 56D, EV 101.9 MPH) Tomas Caldera to third Ethan McCullough to second Tomas Caldera scores Ethan McCullough to third
|
Batting: LHB Adam Tarbutton
|
0-0: DOUBLE (Line Drive, 8RD, EV 91.9 MPH) Ethan McCullough scores Tony Garcia to third
|
Batting: RHB Sean Peake
|
0-0: Ball 1-0: Foul Ball, location: 2F 1-1: Ball 2-1: Ball 3-1: Called Strike 3-2: Foul Ball, location: 2F 3-2: Base on Balls
|
Batting: RHB Kyle Morse
|
0-0: Ball 1-0: Ball Passed Ball! Tony Garcia scores Adam Tarbutton to third Sean Peake to second 2-0: SINGLE (Line Drive, 4MD, EV 98.8 MPH) Adam Tarbutton scores Sean Peake to third
|
Pitching: RHP Eduardo Arlarcon
|
|
Pinch Hitting: SHB Andres Agudo
|
0-0: Ball 1-0: Called Strike 1-1: SINGLE (Groundball, 6M, EV 101.2 MPH) Sean Peake scores Kyle Morse to second
|
Pinch Hitting: RHB Yi-lin Niu
|
0-0: Called Strike 0-1: Ball 1-1: Fielders Choice at 2nd, 6-4 (Groundball, 6, EV 79.4 MPH)
|
Top of the 8th over - 6 runs, 6 hits, 1 error, 2 left on base; Chicago (NYP) 13 - Everett 4 |
BOTTOM OF THE 8TH |
Everett AquaSox batting - Pitching for Chicago (NYP) White Sox : LHP Ian Bell
|
Pitching: LHP Ray Sowers
|
|
Now at 1B: Daniel Lopez
|
|
Now at 2B: Andres Agudo
|
|
Now at SS: Ethan McCullough
|
|
Batting: RHB Kinzo Yokoyama
|
0-0: SINGLE (Groundball, 6MD, EV 100.6 MPH)
|
Batting: RHB Robby Adair
|
0-0: Ball 1-0: Foul Ball, location: 2F 1-1: Fielders Choice at 2nd, 3-6 (Groundball, 13, EV 87.5 MPH)
|
Pinch Hitting: RHB Eddie Luna
|
0-0: Ball 1-0: Ball 2-0: Ground out 5-3 (Groundball, 56S, EV 66.9 MPH) Robby Adair to second
|
Batting: RHB Richie Schraven
|
0-0: Ball 1-0: Swinging Strike 1-1: Foul Ball, location: 2F 1-2: Fly out, F8 (Flyball, 8RD, EV 92.5 MPH)
|
Bottom of the 8th over - 0 runs, 1 hit, 0 errors, 1 left on base; Chicago (NYP) 13 - Everett 4 |
TOP OF THE 9TH |
Chicago (NYP) White Sox batting - Pitching for Everett AquaSox : RHP Eduardo Arlarcon
|
Now in CF: Eddie Luna
|
|
Now in RF: Josh Carpenter
|
|
Batting: RHB Eduardo Calderon
|
0-0: Ball 1-0: Called Strike 1-1: DOUBLE (Groundball, 3L, EV 107.5 MPH)
|
Batting: SHB Tomas Caldera
|
0-0: Ball 1-0: Ground out 1-3 (Groundball, 34S, EV 66.2 MPH) Eduardo Calderon to third
|
Batting: RHB Ethan McCullough
|
0-0: Ball 1-0: 2-RUN HOME RUN (Flyball, 7D, EV 96.9 MPH), Distance : 368 ft
|
Batting: RHB Tony Garcia
|
0-0: Ball 1-0: Ball 2-0: Called Strike 2-1: Ball 3-1: Foul Ball, location: 2F 3-2: Strikes out looking
|
Pinch Hitting: RHB Bastiaan Leenders
|
0-0: DOUBLE (Flyball, 8LD, EV 95.6 MPH)
|
Batting: RHB Sean Peake
|
0-0: Ball 1-0: TRIPLE (Groundball, 3L, EV 108.1 MPH) Bastiaan Leenders scores
|
Pinch Hitting: LHB Steve Roepke
|
0-0: Ball 1-0: Ground out 4-3 (Groundball, 4, EV 84.4 MPH)
|
Top of the 9th over - 3 runs, 4 hits, 0 errors, 1 left on base; Chicago (NYP) 16 - Everett 4 |
BOTTOM OF THE 9TH |
Everett AquaSox batting - Pitching for Chicago (NYP) White Sox : LHP Ray Sowers
|
Now in LF: Steve Roepke
|
|
Now in RF: Bastiaan Leenders
|
|
Pinch Hitting: SHB Tony Morales
|
0-0: Ground out 5-3 (Groundball, 56, EV 111.9 MPH)
|
Batting: RHB Tomokazu Sugimoto
|
0-0: Called Strike 0-1: Foul Ball, location: 2F 0-2: Ball 1-2: Foul Ball, location: 2F 1-2: SINGLE (Groundball, 6MD, EV 106.2 MPH)
|
Batting: LHB Addisu Nyamekye
|
0-0: Ball 1-0: Fly out, F7 (Flyball, 78S, EV 80.6 MPH)
|
Batting: RHB Chris Skaff
|
0-0: Foul Ball, location: 2F 0-1: Called Strike 0-2: Ball 1-2: SINGLE (Groundball, 34D, EV 104.4 MPH) Tomokazu Sugimoto to second
|
Batting: LHB Chris Jackson
|
0-0: Ball 1-0: Ball 2-0: Called Strike 2-1: Called Strike 2-2: Foul Ball, location: 2F 2-2: Ball 3-2: Strikes out swinging
|
Bottom of the 9th over - 0 runs, 2 hits, 0 errors, 2 left on base; Chicago (NYP) 16 - Everett 4 |
|